 Dungeon Crawl Stone Soup version 0.21.1-1-g345015fe64 (webtiles) character file.

93 Carigen the Conjurer (level 4, 17/31 HPs)
             Began as a Human Conjurer on Apr 2, 2018.
             Starved to death
             ... on level 3 of the Dungeon on Apr 4, 2018.
             The game lasted 00:26:12 (2599 turns).

Carigen the Conjurer (Human Conjurer)               Turns: 2599, Time: 00:26:13

Health: 17/31      AC:  9    Str:  9    XL:     4   Next: 92%
Magic:  7/7        EV:  4    Int: 16    God:
Gold:   110        SH:  0    Dex: 13    Spells: 7/8 levels left

rFire    . . .     SeeInvis .   i - +0 hand axe
rCold    . . .     Gourm    .   (no shield)
rNeg     . . .     Faith    .   y - +0 chain mail
rPois    .         Spirit   .   h - +0 helmet (curse)
rElec    .         Reflect  .   (no cloak)
rCorr    .         Harm     .   (no gloves)
MR       +....                  (no boots)
Stlth    ..........             (no amulet)
HPRegen  0.10/turn              v - ring of protection from magic
MPRegen  0.10/turn              (no ring)

@: fainting
A: no striking features
a: no special abilities


You were on level 3 of the Dungeon.
You were fainting.

You visited 1 branch of the dungeon, and saw 3 of its levels.

You collected 110 gold pieces.

Inventory:

Hand Weapons
 f - a +0 club
 i - a +0 hand axe (weapon)
 w - a +2 falchion of holy wrath
 B - a +0 mace
Missiles
 e - 6 poisoned tomahawks
 t - 2 javelins of returning (quivered)
 x - 14 stones
 A - 17 sling bullets
Armour
 a - a +0 robe
 h - a cursed +0 helmet (worn)
 n - a +0 ring mail
 y - a +0 chain mail (worn)
Jewellery
 v - a ring of protection from magic (left hand)
Scrolls
 g - a scroll of magic mapping {unknown}
 j - a scroll of identify {unknown}
 l - a scroll of immolation {unknown}
 p - a scroll of fear {unknown}
 r - a scroll of random uselessness {unknown}
 s - a scroll of remove curse {unknown}
Potions
 c - a potion of agility {unknown}
 d - a potion of mutation {unknown}
 m - a potion of might {unknown}
 o - 2 potions of curing {unknown}
 q - a potion of cancellation {unknown}
 z - a potion of lignification {unknown}
Books
 b - a book of Conjurations

   Spells                             Type                      Level
   a - Magic Dart                     Conjuration                  1
   b - Searing Ray                    Conjuration                  2
   c - Dazzling Spray                 Conjuration/Hexes            3
   d - Fulminant Prism                Conjuration/Hexes            4
   e - Force Lance                    Conjuration/Translocation    4
   f - Iskenderun's Mystic Blast      Conjuration                  4


   Skills:
 + Level 0.5 Fighting
 + Level 0.4 Axes
 + Level 0.3 Armour
 + Level 2.5 Dodging
 + Level 2.1 Stealth
 + Level 2.5 Spellcasting
 + Level 5.0 Conjurations


You had 7 spell levels left.
You knew the following spells:

 Your Spells              Type           Power        Failure   Level  Hunger
a - Magic Dart            Conj           ###.         97%         1    #......


Dungeon Overview and Level Annotations

Branches:
Dungeon (3/15)

Altars:
Xom


Message History

Found a scroll labeled IVEAMM AMPOREGH.
Your magical contamination has completely faded away.
You can move again.
A kobold comes into view.
The kobold shouts!
The kobold hits you but does no damage.
Found 24 stones.
You see here a scroll labeled IVEAMM AMPOREGH.
You don't have the energy to cast that spell.
Your chain mail prevents you from hitting the kobold.
The kobold hits you.
Your chain mail prevents you from hitting the kobold.
The kobold hits you but does no damage. The kobold hits you.
You closely miss the kobold. The kobold hits you but does no damage.
You closely miss the kobold. The kobold hits you.
You closely miss the kobold. The kobold hits you but does no damage.
You hit the kobold.
The kobold is heavily wounded.
You have starved to death.
You die...

# ... .#..##
.#.#..####...... .
...#..##......# ..
............... ..
.............
###.####......#..##
..................
...#≈≈
#.##.#...@.......
..≈≈≈≈
#......###K......
.≈w≈≈ #......#
......( #≈#≈
#......# ....... #
#.≈≈ #......#
.####+# #. #≈≈ #
#......# .. ###.
#.# ###.###.##'###
.# .....#..
#.......##.# .#
........
...........#
...#.#..


You could see a kobold.

Vanquished Creatures
  3 adders
  3 oozes
  A worm (D:2)
  4 dart slugs
  A leopard gecko (D:2)
  An orc (D:3)
  A giant cockroach (D:2)
  7 hobgoblins
  6 jackals
  A ball python (D:1)
  4 bats
  4 frilled lizards
  4 kobolds
  2 rats
42 creatures vanquished.

Notes
Turn   | Place    | Note
-------+----------+-------------------------------------------
     0 | D:1      | Carigen the Human Conjurer began the quest for the Orb.
     0 | D:1      | Reached XP level 1. HP: 13/13 MP: 3/3
   417 | D:1      | Reached XP level 2. HP: 19/19 MP: 0/5
  1176 | D:1      | Reached XP level 3. HP: 9/24 MP: 2/6
  1381 | D:2      | Found a shimmering altar of Xom.
  1808 | D:2      | Reached XP level 4. HP: 27/30 MP: 2/7
  2276 | D:3      | Reached skill level 5 in Conjurations
  2454 | D:3      | Noticed a hungry ghost
  2582 | D:3      | Paralysed by fainting for 5 turns
  2599 | D:3      | Starved to death

Skill      XL: |  1  2  3  4 |
---------------+-------------+-----
Conjurations   | 5 |  5.0
Fighting       | |  0.5
Axes           | |  0.4
Armour         | |  0.3
Dodging        | |  2.5
Stealth        | |  2.1
Spellcasting   | |  2.5

Action                   |  1- 3 |  4- 6 || total
-------------------------+-------+-------++-------
Melee: Hand axe          |    28 |    92 ||   120
       Club              |     5 |       ||     5
Throw: Tomahawk          |     1 |     3 ||     4
       Javelin           |       |    11 ||    11
 Cast: Magic Dart        |    55 |    18 ||    73
  Use: Scroll            |     2 |     1 ||     3
  Eat: Ration            |     1 |     3 ||     4
Armor: Robe              |    12 |       ||    12
       Ring mail         |    19 |    26 ||    45
       Chain mail        |       |    65 ||    65
Dodge: Dodged            |    61 |    48 ||   109
